 Dungeon Crawl Stone Soup version 0.31-a0-1202-ga8fea8b373 (webtiles) character file.

Game seed: 3018458368099797279

61 RuneEnjoyer the Cudgeller (level 4, -8/28 HPs)
             Began as a Gargoyle Fighter on Dec 12, 2023.
             Mangled by a gnoll
             ... wielding a +3 halberd
              (12 damage)
             ... on level 2 of the Dungeon.
             The game lasted 00:02:20 (1633 turns).

RuneEnjoyer the Cudgeller (Gargoyle Fighter)        Turns: 1633, Time: 00:02:21

Health: -8/28      AC: 10    Str: 21    XL:     4   Next: 7%
Magic:  4/4        EV:  9    Int:  9    God:
Gold:   67         SH:  4    Dex:  9    Spells: 3/3 levels left

rFire   . . .        a - +0 flail
rCold   . . .        c - +0 buckler
rNeg    + . .        b - +0 scale mail
rPois   ∞            (no helmet)
rElec   +            (no cloak)
rCorr   .            (no gloves)
SInv    .            (no boots)
Will    .....        (no amulet) Stlth
                     (no ring)
HPRegen 0.24/turn    (no ring)
MPRegen 0.09/turn

%: no passive effects
@: no status effects
A: sickness immunity, AC +3, negative energy resistance 1, electricity
resistance, torment resistance 1, petrification resistance
a: no special abilities


You were on level 2 of the Dungeon.
You visited 1 branch of the dungeon, and saw 2 of its levels.

You collected 67 gold pieces.

Inventory:

Hand Weapons
 a - a +0 flail (weapon)
Armour
 b - a +0 scale mail (worn)
 c - a +0 buckler (worn)
Scrolls
 e - 2 scrolls of vulnerability
Potions
 d - 3 potions of might
 g - a potion of curing


   Skills:
 - Level 3.2 Fighting
 + Level 4.2 Maces & Flails
 - Level 3.2 Armour
 - Level 3.2 Shields


You had 3 spell levels left.
You didn't know any spells.
Your spell library contained the following spells:

 Spells                   Type           Power      Damage    Failure   Level
 Ensorcelled Hibernation  Hex/Ice        0%         N/A       90%         2
 Passwall                 Tmut/Erth      0%         N/A       90%         2
 Swiftness                Air            0%         N/A       99%         3


Dungeon Overview and Level Annotations

Branches:
Dungeon (2/15)

Altars:


Innate Abilities, Weirdness & Mutations

You are immune to sickness and miasma.
Your stone body is resilient. (AC +3)
You are immune to poison.
You resist negative energy. (rN+)
You are resistant to electric shocks. (rElec)
You are resistant to unholy torment.
You are immune to petrification.


Message History

The gnoll attacks as it pursues you! The gnoll barely misses you.
The gnoll attacks as it pursues you! The gnoll barely misses you.
The gnoll attacks as it pursues you! The gnoll hits you but does no damage.
The gnoll attacks as it pursues you! The gnoll hits you but does no damage.
The gnoll attacks as it pursues you! The gnoll barely misses you.
The gnoll attacks as it pursues you!
The gnoll hits you from afar with a +0 spear.
* * * LOW HITPOINT WARNING * * *
The gnoll attacks as it pursues you! You block the gnoll's attack.
The gnoll attacks as it pursues you! The gnoll hits you but does no damage.
The gnoll attacks as it pursues you! The gnoll barely misses you.
The gnoll attacks as it pursues you! The gnoll hits you but does no damage.
The gnoll attacks as it pursues you! The gnoll barely misses you.
There is a stone staircase leading down here.
The gnoll attacks as it pursues you!
The gnoll hits you from afar with a +0 spear.
The adder hisses angrily.
Things that are here:
a +0 club; a goblin skeleton
There is a stone staircase leading up here.
The gnoll closely misses you. The gnoll barely misses you.
The gnoll hits you from afar with a +3 halberd.
You hit the gnoll.
The gnoll is moderately wounded.
The gnoll barely misses you. The gnoll misses you.
The gnoll hits you from afar with a +3 halberd.
The gnoll closely misses you.
You hit the gnoll.
The gnoll is severely wounded.
The gnoll hits you but does no damage.
The gnoll hits you from afar with a +3 halberd!
The gnoll barely misses you. x2
You barely miss the gnoll.
The gnoll is severely wounded.
The gnoll hits you from afar with a +3 halberd!
* * * LOW HITPOINT WARNING * * *
The gnoll closely misses you. The gnoll barely misses you.
The gnoll hits you from afar with a +3 halberd!
You die...

############ ##....##....#
#......#.##.######
#.#....#.##.......
####.)....#g###.###..
##########....#....#g###g###.#
#..........#########g#........
####.#########...##.g...###.#####
...#.#........##@##g##### #.#
####.#......#.##g##.# #.#
.###.#......##..gg#.## #)#
.....#.....####.#....# #.#####
######.....# #.#.##.# #.#...#
#.#.###.#### #.#.##.# ####.#.#.#
#.#.......# ######.# #....#.#.#
.#........# #......# #.####.#.#
#.###.###.# #.########.# #.#.#


You could see 3 gnolls.

Vanquished Creatures
  2 adders (D:2)
  A gnoll (D:2)
  2 dart slugs
  2 ball pythons (D:2)
  2 endoplasms
  2 giant cockroaches (D:1)
  3 goblins
  A hobgoblin (D:1)
  2 quokkas
  5 bats
  4 kobolds
  2 rats (D:2)
28 creatures vanquished.

Notes
Turn   | Place    | Note
-------+----------+-------------------------------------------
     0 | D:1      | RuneEnjoyer the Gargoyle Fighter began the quest for the
                  | Orb.
     0 | D:1      | Reached XP level 1. HP: 14/14 MP: 1/1
   128 | D:1      | Reached XP level 2. HP: 19/19 MP: 2/2
   555 | D:1      | Reached skill level 3 in Maces & Flails
   791 | D:2      | Reached XP level 3. HP: 18/23 MP: 3/3
   899 | D:2      | Found a faded altar of an unknown god.
   899 | D:2      | Noticed a glass eye
   903 | D:2      | Noticed a shining eye
   909 | D:2      | Noticed a great orb of eyes
  1160 | D:2      | Noticed a great orb of eyes
  1179 | D:2      | Reached skill level 4 in Maces & Flails
  1524 | D:2      | Reached XP level 4. HP: 28/28 MP: 4/4
  1633 | D:2      | Mangled by a gnoll

Illustrated notes

Levels and vault maps discovered:
D:1:      spicycebolla_green_bress_n_ham_2, layout_loops_ring,
          nicolae_concentric_dashed_squares_wild, minivault_26
D:2:      layout_loops_ring, serial_co_window_serial, co_window_corner_a,
          co_window_paths_a, co_window_paths_a, co_window_corner_a,
          co_window_corner_a, co_window_of_opportunity_a, co_window_corner_a,
          co_window_corner_b, co_window_corner_b, co_window_paths_c,
          co_window_cross_4, co_window_corner_b, co_window_unsneaky_path_c,
          glass_columns_b, glass_columns_b, glass_columns_a,
          hellmonk_ecumenical_altar_watching_god

Skill      XL: |  1  2  3 |
---------------+----------+-----
Maces & Flails | 3 4 |  4.2
Fighting       | |  3.2
Armour         | |  3.2
Shields        | |  3.2

Action                     |  1- 3 |  4- 6 || total
---------------------------+-------+-------++-------
  Melee: Flail             |    96 |     5 ||   101
    Use: Scroll            |     9 |       ||     9
 Armour: Scale mail        |    78 |    18 ||    96
  Dodge: Dodged            |    51 |    18 ||    69
  Block: Buckler           |    18 |     2 ||    20

Table legend: (Time is in decaauts)
 A = Elapsed time spent in this place.
 B = Non-inter-level travel time spent in this place.
 C = Inter-level travel time spent in this place.
 D = Time resting spent in this place.
 E = Time spent auto-exploring this place.
 F = Levels seen in this place.
 G = Mean time per level.
                   A        B        C        D        E       F      G
               +--------+--------+--------+--------+--------+-----+--------+
         Total |   1661 |   1642 |     19 |     47 |   1233 |   2 |  830.5 |
       Dungeon |   1661 |   1642 |     19 |     47 |   1233 |   2 |  830.5 |
               +--------+--------+--------+--------+--------+-----+--------+

Top non-repeatable levels by time:
     D:2: 945 daAuts
     D:1: 716 daAuts
